Map: Golden Wall LE

Players

prospeKt - Winner!

  • Race: Zerg Zerg
  • League: Platinum
  • Spawn Location: 5:00

VOD

Have the link to the VOD?

Description

Time

  • Played on: June 3, 2020, 6:12 a.m.
  • Length: 19:53
Show
View Real Time Build Order
Export as new Build Order

prospeKt Zerg - Winner!

Build Orders:  

Get SALT Encoding   

  12  0:01  Drone  
  13  0:17  Overlord  
  13  0:24  Drone  
  14  0:43  Drone x2  
  14  0:48  Drone  
  17  1:13  Hatchery  
  17  1:17  Drone  
  17  1:24  Drone  
  18  1:44  Spawning Pool  
  18  1:46  Drone  
  18  2:03  Drone  
  18  2:09  Drone, Extractor  
  19  2:23  Drone  
  20  2:38  Drone  
  21  2:49  Overlord  
  21  2:54  Queen x2  
  21  2:56  Drone  
  26  3:04  Drone  
  27  3:11  Overlord  
  27  3:20  Drone  
  27  3:28  Drone  
  29  3:36  Drone  
  30  3:40  Drone  
  30  3:44  Queen  
  33  3:51  Overlord  
  33  3:54  Drone  
  34  4:04  Drone  
  35  4:13  Drone  
  35  4:15  Roach Warren  
  35  4:22  Lair  
  35  4:29  Evolution Chamber, Drone x2  
  36  4:33  Drone  
  36  4:34  Drone x3  
  36  4:37  Drone  
  41  4:43  Drone  
  41  4:44  Drone  
  41  4:47  Drone  
  44  4:54  Zergling x2  
  45  5:04  Zergling x2  
  46  5:10  Zergling x2  
  46  5:14  Extractor, Roach  
  46  5:18  Extractor  
  47  5:27  Roach  
  40  5:34  Roach  
  36  5:45  Roach x2  
  36  5:53  Roach  
  31  6:00  Roach  
  31  6:08  Roach  
  33  6:16  Roach  
  35  6:25  Drone  
  36  6:31  Roach  
  36  6:36  Queen  
  36  6:38  Queen  
  42  6:45  Overlord  
  42  6:46  Drone  
  43  6:51  Drone x3  
  43  6:59  Drone x2  
  48  7:11  Drone  
  48  7:19  Drone  
  50  7:29  Drone  
  51  7:36  Drone  
  51  7:37  Drone x3  
  55  7:45  Glial Reconstitution  
  55  7:46  Zerg Missile Weapons Level 1  
  55  7:48  Drone  
  56  8:01  Drone x2  
  58  8:12  Overlord  
  58  8:13  Overlord  
  58  8:34  Drone x2, Extractor  
  59  8:41  Hatchery  
  59  8:44  Drone x4  
  59  8:46  Drone  
  63  9:05  Drone x6  
  69  9:20  Drone  
  69  9:21  Spine Crawler, Drone  
  70  9:32  Hydralisk Den, Drone x2  
  70  9:37  Drone x3  
  70  9:38  Evolution Chamber  
  73  10:04  Drone x3  
  73  10:06  Overlord x4  
  76  10:23  Zerg Ground Armor Level 1  
  76  10:31  Drone  
  76  10:32  Drone x4  
  76  10:34  Hatchery, Drone  
  81  10:57  Drone x7  
  81  10:58  Drone x2  
  90  11:16  Drone x3  
  93  11:29  Drone  
  94  11:30  Drone x8  
  94  11:36  Extractor  
  101  11:40  Hatchery  
  101  11:43  Extractor  
  99  11:54  Overlord x6  
  99  12:05  Unknown  
  99  12:08  Spore Crawler x2  
  97  12:17  Spine Crawler  
  97  12:18  Drone x4  
  97  12:19  Drone  
  101  12:21  Hydralisk  
  101  12:22  Hydralisk x5  
  101  12:27  Overlord  
  101  12:28  Overlord x3  
  113  12:35  Drone x3  
  116  12:45  Drone x2  
  118  12:52  Hydralisk x4  
  118  12:53  Hydralisk x2  
  130  13:09  Hydralisk  
  132  13:10  Hydralisk x4  
  140  13:34  Extractor  
  140  13:35  Drone  
  140  13:36  Extractor  
  140  13:39  Drone  
  140  13:41  Hydralisk  
  140  13:42  Hydralisk x7  
  140  13:43  Hydralisk  
  140  13:46  Zerg Missile Weapons Level 2  
  158  13:56  Zerg Ground Armor Level 2  
  158  14:00  Extractor  
  158  14:09  Hydralisk  
  159  14:10  Hydralisk  
  161  14:27  Hydralisk x3  
  167  14:33  Drone  
  168  14:42  Extractor  
  167  15:11  Hydralisk  
  167  15:12  Hydralisk x13  
  167  15:15  Drone  
  196  15:37  Hydralisk  
  198  15:42  Overlord  
  198  15:43  Overlord x4  
  162  16:12  Drone x2  
  162  16:13  Hatchery x2  
  162  16:14  Hydralisk x9  
  162  16:15  Hydralisk x8  
  196  16:26  Hydralisk  
  196  16:27  Hydralisk  
  200  16:36  Infestation Pit  
  199  17:04  Drone  
  188  17:28  Hydralisk x5  
  188  17:29  Hydralisk  
  200  18:21  Hatchery  
  200  18:23  Hatchery  
  200  18:29  Drone x2  
  200  18:31  Hatchery  
  200  18:33  Drone  
  200  18:39  Hive  
  200  18:45  Overseer  
  198  19:06  Hydralisk x2  
Tags
 
Add a new tag
Caveats
  • Supply blocks, unpowered buildings, or Contaminate may cause inaccurate times.
  • Supply counts are checked every 10 seconds.